 Dungeon Crawl Stone Soup version 0.27.1 (webtiles) character file.

Game seed: 13932170492250988876

51 ZARRMARR the Chiller (level 3, 0/19 HPs)
             Began as a Deep Elf Ice Elementalist on Aug 29, 2021.
             Slain by a worm (11 damage)
             ... on level 2 of the Dungeon.
             The game lasted 00:06:05 (2237 turns).

ZARRMARR the Chiller (Deep Elf Ice Elementalist)    Turns: 2237, Time: 00:06:09

Health: 0/19       AC:  2    Str:  5    XL:     3   Next: 57%
Magic:  2/10       EV: 12    Int: 20    God:
Gold:   33         SH:  0    Dex: 15    Spells: 9/10 levels left

rFire    . . .     SeeInvis .   (no weapon)
rCold    . . .     Faith    .   (no shield)
rNeg     . . .     Spirit   .   a - +0 robe
rPois    .         Reflect  .   (no helmet)
rElec    .         Harm     .   (no cloak)
rCorr    .         Rampage  .   (no gloves)
Will     .....                  (no boots)
Stlth    ++........             (no amulet)
HPRegen  0.06/turn              (no ring)
MPRegen  0.12/turn              (no ring)

@: no status effects
A: no striking features
a: no special abilities


You were on level 2 of the Dungeon.
You visited 1 branch of the dungeon, and saw 2 of its levels.

You collected 33 gold pieces.

Inventory:

Armour
 a - a +0 robe (worn)
Scrolls
 c - a scroll of magic mapping {unknown}
 e - a scroll of brand weapon {unknown}
Potions
 b - a potion of attraction {unknown}
 d - a potion of heal wounds {unknown}
 f - a potion of curing {unknown}


   Skills:
 - Level 2.4 Dodging
 + Level 2.6 Stealth
 + Level 4.3 Spellcasting
 + Level 5.1 Ice Magic


You had 9 spell levels left.
You knew the following spells:

 Your Spells              Type           Power      Damage    Failure   Level
a - Freeze                Ice            100%       1d11      1%          1

Your spell library contained the following spells:

 Spells                   Type           Power      Damage    Failure   Level
 Frozen Ramparts          Ice            50%        1d7       4%          3
 Ozocubu's Armour         Ice            25%        N/A       4%          3
 Hailstorm                Conj/Ice       14%        3d5       38%         4


Dungeon Overview and Level Annotations

Branches:
Dungeon (2/15)

Altars:

Shops:
D:2 (:


Message History

You freeze the worm.
The worm is moderately wounded.
The worm bites you.
Unknown command.
Casting: Freeze (safe; 1% risk of failure)
Confirm with . or Enter, or press ? or * to list all spells.
Aiming: Freeze (safe; 1% risk of failure)
Press: ? - help, Shift-Dir - straight line, f/p - worm
Aim: a worm (lightly wounded)
You freeze the worm.
The worm is heavily wounded.
Unknown command.
Casting: Freeze (safe; 1% risk of failure)
Confirm with . or Enter, or press ? or * to list all spells.
Aiming: Freeze (safe; 1% risk of failure)
Press: ? - help, Shift-Dir - straight line, f/p - worm
Aim: a worm (heavily wounded)
You freeze the worm.
The worm is heavily wounded.
The worm closely misses you.
Unknown command.
Casting: Freeze (safe; 1% risk of failure)
Confirm with . or Enter, or press ? or * to list all spells.
Aiming: Freeze (safe; 1% risk of failure)
Press: ? - help, Shift-Dir - straight line, f/p - worm
Aim: a worm (heavily wounded)
You freeze the worm.
The worm is severely wounded.
Your magical contamination has completely faded away.
Unknown command.
Casting: Freeze (safe; 1% risk of failure)
Confirm with . or Enter, or press ? or * to list all spells.
Aiming: Freeze (safe; 1% risk of failure)
Press: ? - help, Shift-Dir - straight line, f/p - worm
Aim: a worm (severely wounded)
You freeze the worm.
The worm is almost dead.
The worm bites you!
Ouch! That really hurt!
You die...

.#.#.#.# #>(......#
...#.#.# ##.#.....#
####.#÷# #...#####
.....#.#####.....#
.#####.....#...#.#
.......###.#.#.#.#
.......###......<# #
.........###.#..##∩#
.......#.# #.#..@†.#
...#####.# #
#..>w...... ...# #
#.#.....### ####
...#.....#
######....# ....#
#.... ####.


You could see a worm.

Vanquished Creatures
  An adder (D:2)
  A worm (D:2)
  2 ball pythons
  4 endoplasms
  A giant cockroach (D:2)
  4 goblins (D:1)
  A hobgoblin (D:1)
  11 jackals (D:1)
  2 quokkas (D:1)
  2 bats (D:1)
  A frilled lizard (D:1)
  2 rats
32 creatures vanquished.

Notes
Turn   | Place    | Note
-------+----------+-------------------------------------------
     0 | D:1      | ZARRMARR the Deep Elf Ice Elementalist began the quest for
                  | the Orb.
     0 | D:1      | Reached XP level 1. HP: 10/10 MP: 6/6
   514 | D:1      | Reached XP level 2. HP: 12/15 MP: 1/8
   960 | D:1      | Reached skill level 5 in Ice Magic
  1412 | D:1      | Reached XP level 3. HP: 13/19 MP: 6/10
  2046 | D:2      | Found Xyil's Weapon Boutique.
  2228 | D:2      | Found Ivameram's Book Emporium.
  2237 | D:2      | Slain by a worm

Illustrated notes

Levels and vault maps discovered:
D:1:      dpeg_arrival_tiny_h, layout_basic, hangedman_decor_diamond_cutter,
          kennysheep_nondescript, patterned_corridor
D:2:      layout_basic, serial_shops, shop, shop, shop, minmay_3d_cube

Skill      XL: |  1  2  3 |
---------------+----------+-----
Ice Magic      | 5 |  5.1
Spellcasting   | 4 |  4.3
Dodging        | |  2.4
Stealth        | |  2.6

Action                   || total
-------------------------++-------
Melee: Unarmed           ||    17
 Cast: Freeze            ||    62
Armor: Robe              ||     8
Dodge: Dodged            ||    33
